 Dungeon Crawl Stone Soup version 0.22-a0-785-g6253c82ace (webtiles) character file.

3349 Banto the Covert (level 10, -3/56 HPs)
             Began as an Octopode Earth Elementalist on July 20, 2018.
             Was an Initiate of Sif Muna.
             Slain by a quokka (4 damage)
             ... on level 7 of the Dungeon.
             The game lasted 00:15:16 (9366 turns).

Banto the Covert (Octopode Earth Elementalist)      Turns: 9366, Time: 00:15:18

Health: -3/56      AC:  1    Str:  7    XL:     10   Next: 2%
Magic:  6/14       EV: 15    Int: 20    God:    Sif Muna [......]
Gold:   292        SH:  0    Dex: 14    Spells: 0/15 levels left

rFire    x . .     SeeInvis .   h - +4 dagger
rCold    + . .     Gourm    .   (no shield)
rNeg     . . .     Faith    .   (helmet restricted)
rPois    .         Spirit   .   (no amulet)
rElec    .         Reflect  .   j - +2 ring of evasion
rCorr    .         Harm     .   e - ring of ice
MR       .....                  (no ring)
Stlth    +++++.....             (no ring)
HPRegen  0.18/turn              (no ring)
MPRegen  0.14/turn              (no ring)
                                (no ring)
                                (no ring)

@: no status effects
A: almost no armour, stealthy swim, amphibious, 8 rings, constrict 8, camouflage
1, gelatinous body 1
a: Renounce Religion


You were on level 7 of the Dungeon.
You worshipped Sif Muna.
Sif Muna was noncommittal.
You were not hungry.

You visited 2 branches of the dungeon, and saw 8 of its levels.

You collected 292 gold pieces.

Inventory:

Hand Weapons
 h - a +4 dagger (weapon)
 u - a +2 short sword of venom
 v - a +1 dagger of draining
Missiles
 b - 156 stones (quivered)
 g - 5 poisoned javelins
 o - 3 javelins
Armour
 r - a +0 buckler
Jewellery
 e - a ring of ice (right tentacle)
 j - a +2 ring of evasion (left tentacle)
 x - an uncursed ring of fire
Wands
 f - a wand of digging (16)
 y - a wand of paralysis (10)
Scrolls
 q - 2 scrolls of enchant weapon
 w - 3 scrolls of teleportation
 z - 3 scrolls of fog
Potions
 a - 2 potions of curing
 d - a potion of mutation {unknown}
 i - a potion of ambrosia {unknown}
 k - a potion of brilliance {unknown}
 l - 3 potions of heal wounds
 m - 2 potions of lignification
 n - 3 potions of haste
 p - 3 potions of agility {unknown}
 s - a potion of resistance {unknown}
Comestibles
 c - 9 rations


   Skills:
 + Level 6.5 Short Blades
 - Level 2.0 Dodging
 + Level 10.2 Stealth
 - Level 3.0 Spellcasting
 + Level 6.6 Transmutations
 + Level 7.6 Earth Magic


You couldn't memorise any spells.
You knew the following spells:

 Your Spells              Type           Power        Failure   Level  Hunger
a - Sandblast             Erth           ####..       1%          1    None
b - Passwall              Tmut/Erth      ####....     1%          2    ##.....
c - Stone Arrow           Conj/Erth      ###...       9%          3    ###....
d - Petrify               Tmut/Erth      ####....     8%          4    ####...
e - Lee's Rapid Deconstr  Erth           ####......   17%         5    ######.

Your spell library contained the following spells:

 Spells                   Type           Power        Failure   Level  Hunger


Dungeon Overview and Level Annotations

Branches:
Dungeon (7/15)             Temple (1/1) D:7

Altars:
Ashenzari
Cheibriados
Dithmenos
Elyvilon
Fedhas
Gozag
Hepliaklqana
Kikubaaqudgha
Makhleb
Nemelex Xobeh
Okawaru
Qazlal
Ru
Sif Muna
Trog
Uskayaw
Vehumet
Wu Jian
Xom
Yredelemnul
Zin
The Shining One

Shops:
D:5 (   D:7 :*:}


Innate Abilities, Weirdness & Mutations

You cannot wear most types of armour.
You are very stealthy in the water. (Stealth+)
You are amphibious.
You can wear up to eight rings at the same time.
You can use your tentacles to constrict eight enemies at once.
Your skin changes colour to match your surroundings (Stealth+).
Your rubbery body absorbs attacks. (AC +1, EV +1)


Message History

Casting: Sandblast (safe; 1% risk of failure)
Confirm with . or Enter, or press ? or * to list all spells.
Aiming: Sandblast (safe; 1% risk of failure)
Press: ? - help, Shift-Dir - straight line, f/p - orc priest
Aim: an orc priest, wielding a mace and wearing a ring mail (severely wounded)
The blast of sand hits the orc priest.
You kill the orc priest!
Sif Muna accepts your kill.
b - 156 stones You now have 6/14 mp.
Items here: )) [[ a mace; a ring mail; a dagger; a leather armour There isn't anything to butcher here.
The quokka bites you.
* * * LOW HITPOINT WARNING * * *
Items here: ) [[ † a ring mail; a hand axe; a ring mail; an orc corpse You take 3 damage, and have 1/56 hp.
You butcher the orc corpse.
The quokka bites you.
You die...

.##.#### .......#####
###........##
####........# ############
........#### #..........#
........#######..........#
##.......................#
........>.#####[)..(.....#
..........<.....@....#####
.......#..#######r####
...##.##≈§≈≈≈........##
...##.##≈###≈.........##
.#.##. #≈# +...........#
...### .≈# #§..........#
....## ≈≈≈.)........#
...... .............#
....# ....o........#


You could see a quokka.

Vanquished Creatures
  Pikel (D:5)
  A hungry ghost (D:6)
  Menkaure (D:4)
  Duvessa (D:4)
  An orc warrior (D:6)
  A sky beast (D:5)
  3 ice beasts
  3 slaves
  2 phantoms
  4 ogres
  A centaur (D:7)
  Blork the orc (D:6)
  A bullfrog (D:6)
  3 scorpions
  Dowan (D:4)
  3 wights (D:6)
  2 crimson imps
  3 howler monkeys (D:7)
  6 orc priests
  A quasit (D:6)
  3 jellies
  Crazy Yiuf (D:5)
  A bullfrog skeleton (D:5)
  2 orc wizards (D:6)
  3 iguanas
  6 worker ants
  3 worker ant zombies
  10 adders
  An ooze (D:3)
  An adder zombie (D:5)
  3 worms
  5 dart slugs
  2 leopard geckos
  33 orcs
  6 giant cockroaches
  4 goblins
  10 hobgoblins
  2 jackals (D:2)
  8 kobolds
  4 quokkas
  A ball python skeleton (D:5)
  8 bats
  11 frilled lizards
  A jackal skeleton (D:6)
  A quokka skeleton (D:4)
  11 rats
181 creatures vanquished.

Vanquished Creatures (others)
  A slave (D:5)
1 creature vanquished.

Grand Total: 182 creatures vanquished

Notes
Turn   | Place    | Note
-------+----------+-------------------------------------------
     0 | D:1      | Banto the Octopode Earth Elementalist began the quest for the Orb.
     0 | D:1      | Reached XP level 1. HP: 11/11 MP: 3/3
   249 | D:1      | Reached skill level 3 in Stealth
   285 | D:1      | Reached XP level 2. HP: 2/17 MP: 1/5
   581 | D:1      | Learned a level 2 spell: Passwall
  1038 | D:1      | Reached XP level 3. HP: 18/21 MP: 6/6
  1043 | D:1      | Learned a level 3 spell: Stone Arrow
  1246 | D:1      | Reached skill level 4 in Stealth
  1539 | D:2      | Found a hazy altar of Hepliaklqana.
  1540 | D:2      | Found a shimmering altar of Xom.
  1540 | D:2      | Noticed a tentacled monstrosity
  1541 | D:2      | Noticed a tentacled monstrosity
  1541 | D:2      | Noticed a spectral ugly thing
  1544 | D:2      | You fall through a shaft for 2 floors!
  1626 | D:4      | Reached XP level 4. HP: 18/27 MP: 4/7
  1783 | D:3      | Reached skill level 1 in Short Blades
  2319 | D:3      | Reached XP level 5. HP: 29/31 MP: 8/8
  2951 | D:3      | Found a bloodstained altar of Trog.
  3091 | D:3      | Reached skill level 5 in Stealth
  3238 | D:3      | Reached XP level 6. HP: 23/36 MP: 10/10
  3392 | D:3      | Found a shadowy altar of Dithmenos.
  3734 | D:4      | Learned a level 4 spell: Petrify
  3744 | D:4      | Noticed Menkaure
  3755 | D:4      | Killed Menkaure
  3860 | D:4      | Reached XP level 7. HP: 37/41 MP: 1/11
  4023 | D:4      | Noticed Dowan
  4040 | D:4      | Noticed Duvessa
  4337 | D:4      | Found an ornate altar of the Wu Jian Council.
  4370 | D:4      | Found a sacrificial altar of Ru.
  4427 | D:4      | Killed Dowan
  4427 | D:4      | Reached skill level 6 in Stealth
  4788 | D:4      | Killed Duvessa
  4788 | D:4      | Reached skill level 5 in Earth Magic
  4964 | D:5      | Entered Level 5 of the Dungeon
  5029 | D:5      | Got a bloodstained flail
  5441 | D:5      | Reached XP level 8. HP: 46/46 MP: 9/12
  5679 | D:5      | Reached skill level 7 in Stealth
  5764 | D:5      | Noticed Pikel
  6032 | D:5      | Killed Pikel
  6032 | D:5      | Reached skill level 8 in Stealth
  6062 | D:5      | Found a runed door.
  6120 | D:5      | Found Vyelef's Weapon Emporium.
  6255 | D:5      | Reached skill level 5 in Transmutations
  6260 | D:5      | Reached skill level 5 in Short Blades
  6260 | D:5      | Reached XP level 9. HP: 42/51 MP: 3/13
  6311 | D:5      | Found an opulent altar of Gozag.
  6694 | D:5      | Found an ancient bone altar of Kikubaaqudgha.
  6754 | D:5      | Noticed Crazy Yiuf
  6762 | D:5      | Killed Crazy Yiuf
  6803 | D:6      | Identified the +9 flail of Oenomania {crush, rPois} (You found it on level 5 of the Dungeon)
  6904 | D:6      | Noticed Blork the orc
  7122 | D:6      | Killed Blork the orc
  7281 | D:6      | Reached skill level 9 in Stealth
  8436 | D:7      | Found Yzalooma's Gadget Boutique.
  8666 | D:7      | Found Vowky's Book Emporium.
  8835 | D:7      | Found a staircase to the Ecumenical Temple.
  8840 | Temple   | Entered the Ecumenical Temple
  8970 | Temple   | Became a worshipper of Sif Muna the Loreminder
  9015 | D:7      | Found Buowuit's General Store.
  9117 | D:7      | Reached skill level 10 in Stealth
  9138 | D:7      | Reached XP level 10. HP: 56/56 MP: 1/14
  9231 | D:7      | Learned a level 5 spell: Lee's Rapid Deconstruction
  9251 | D:7      | Found Hoeschafo's Book Emporium.
  9365 | D:7      | HP: 1/56 [quokka (3)]
  9366 | D:7      | Slain by a quokka

Vault maps used:
D:1:      grunt_arrival_lava_bath, minmay_door_square, minivault_27
D:2:      regret_index_temple_of_mockery, st_stairs_8, grunt_decor_resistance,
          dk_vineyard_2
D:3:      grunt_dithmenos_smoke, overflow_temple_1_default
D:4:      lemuel_coloured_pillars_altar, nicolae_ru_the_path_less_chosen,
          uniq_menkaure, uniq_duvessa
D:5:      kennysheep_little_box, first_ration, serial_shops, shop_statue,
          grunt_gozag_breadcrumbs, uniq_crazy_yiuf_cottage, uniq_pikel
D:6:      uniq_blork_the_orc
D:7:      minmay_temple_entry_glassed_door, serial_shops, nicolae_shop_stone,
          kennysheep_mini_moat, shop, shop, nicolae_shop_behind_doors
Temple:   nicolae_temple_elliptical

Skill      XL: |  1  2  3  4  5  6  7  8  9 |
---------------+----------------------------+-----
Stealth        | 3 4 5 6 8 10 | 10.2
Short Blades   | 1 2 3 5 6 |  6.5
Transmutations | 2 3 4 5 6 |  6.6
Earth Magic    | 4 5 6 7 |  7.6
Spellcasting   | 3 |  3.0
Dodging        | |  2.0

Action                   |  1- 3 |  4- 6 |  7- 9 | 10-12 || total
-------------------------+-------+-------+-------+-------++-------
Melee: Unarmed           |     9 |       |       |       ||     9
       Constrict         |    18 |    24 |    35 |     3 ||    80
       Dagger            |    61 |    81 |   162 |    15 ||   319
       Tentacles         |     7 |    10 |    28 |     2 ||    47
       Short sword       |       |    11 |    19 |       ||    30
 Cast: Sandblast         |     6 |    18 |    53 |     9 ||    86
       Passwall          |     3 |     2 |    20 |       ||    25
       Petrify           |       |     1 |    29 |       ||    30
  Use: Scroll            |       |     4 |     8 |       ||    12
 Stab: Sleeping          |    10 |    13 |    24 |     1 ||    48
       Distracted        |       |     2 |       |       ||     2
       Petrified         |       |     3 |    17 |       ||    20
       Petrifying        |       |       |     1 |       ||     1
  Eat: Chunk             |     3 |     6 |    20 |     1 ||    30
       Ration            |       |       |     2 |       ||     2
Armor: Skin              |     6 |     4 |     7 |     1 ||    18
Dodge: Dodged            |    31 |    39 |    85 |    10 ||   165

Table legend:
 A = Spawn XP
 B = Non-spawn XP
 C = Spawn XP percentage of total XP
 D = Spawn monster count
 E = Non-spawn monster count
 F = Spawn count percentage of total count
 G = Total turns spent on level
                    A         B        C        D         E        F      G
               +---------+---------+-------+---------+---------+-------+---------
         Total |       0 |    4785 |   0.0 |       0 |     178 |   0.0 |  9366
               +---------+---------+-------+---------+---------+-------+---------
           D:1 |       0 |      51 |   0.0 |       0 |      28 |   0.0 |  1292
           D:2 |       0 |      55 |   0.0 |       0 |      18 |   0.0 |   717
           D:3 |       0 |     193 |   0.0 |       0 |      40 |   0.0 |  1574
           D:4 |       0 |     651 |   0.0 |       0 |      14 |   0.0 |  1620
           D:5 |       0 |    1658 |   0.0 |       0 |      25 |   0.0 |  1598
           D:6 |       0 |    1474 |   0.0 |       0 |      33 |   0.0 |  1848
           D:7 |       0 |     703 |   0.0 |       0 |      20 |   0.0 |   557
               +---------+---------+-------+---------+---------+-------+---------

Table legend:
 A = Turns spent in this place as a percentage of turns spent in the entire game.
 B = Non-inter-level travel turns spent in this place as a percentage of non-inter-level travel turns spent in the entire game.
 C = Inter-level travel turns spent in this place as a percentage of turns spent in this place.
 D = Turns resting spent in this place as a percentage of non-inter-level travel turns spent in this place.
 E = Turns spent auto-exploring this place as a percentage of non-inter-level travel turns spent in this place.
 F = Non-inter-level travel turns spent in this place divided by the number of levels of this place that you've seen.
                   A       B       C       D       E      F
               +-------+-------+-------+-------+-------+----------------------
         Total | 100.0 | 100.0 |   5.5 |  36.9 |  36.4 | 1106.1
       Dungeon |  98.3 |  98.7 |   5.2 |  37.4 |  35.6 | 1247.3
        Temple |   1.7 |   1.3 |  26.2 |   0.0 |  96.6 | 118.0
               +-------+-------+-------+-------+-------+----------------------

Table legend:
 A = Kills in this place as a percentage of kills in entire the game.
 B = Kills by you in this place as a percentage of kills by you in the entire game.
 C = Kills by friends in this place as a percentage of kills by friends in the entire game.
 D = Other kills in this place as a percentage of other kills in the entire game.
 E = Experience gained in this place as a percentage of experience gained in the entire game.
 F = Experience gained in this place divided by the number of levels of this place that you have seen.
                   A       B       C       D       E      F
               +-------+-------+-------+-------+-------+----------------------
         Total | 100.0 | 100.0 |   N/A |   N/A | 100.0 | 598.1
       Dungeon | 100.0 | 100.0 |   N/A |   N/A | 100.0 | 683.6
               +-------+-------+-------+-------+-------+----------------------
